 Dungeon Crawl Stone Soup version 0.16.1-25-gbcee3f8 (webtiles) character file.

10409 Miyamura the Transmogrifier (level 11, -10/122 HPs)
             Began as a Pale Draconian Transmuter on May 20, 2015.
             Was the Champion of Cheibriados.
             Mangled by an orc warrior
             ... wielding a cursed -3 long sword
              (13 damage)
             ... on level 2 of the Orcish Mines.
             The game lasted 01:29:18 (19958 turns).

Miyamura the Transmogrifier (DrTm)                 Turns: 19958, Time: 01:29:18

Health: -10/122    AC:  9    Str: 37    XL:     11   Next: 35%
Magic:  25/28      EV: 14    Int: 29    God:    Cheibriados [******]
Gold:   971        SH:  0    Dex: 28    Spells: 6 memorised, 6 levels left

rFire  . . .     SeeInvis .       - Unarmed
rCold  . . .     Clarity  .     (armour unavailable)
rNeg   . . .     SustAb   .     (shield currently unavailable)
rPois  +         Gourm    .     (helmet currently unavailable)
rElec  .         Spirit   .     (cloak currently unavailable)
rCorr  .         Warding  .     u - melded +0 pair of gloves
rMut   .         Stasis   .     (boots currently unavailable)
MR     .....                    (no amulet)
Stlth  +++.......               z - ring of wizardry
                                m - ring of stealth

@: hydra-form, slowed, very slow, not resistant to hostile enchantments, fairly
stealthy
A: (breathe steam), unfitting armour, (cold-blooded), AC +7
a: End Transformation, Bend Time, Temporal Distortion, Slouch, Step From Time,
Renounce Religion


You were on level 2 of the Orcish Mines.
You worshipped Cheibriados.
Cheibriados was exalted by your worship.
You were not hungry.
You were a 9-headed hydra.
You visited 3 branches of the dungeon, and saw 15 of its levels.
You also visited: Bailey.

You collected 971 gold pieces.

Inventory:

Hand weapons
 l - a cursed -1 spear
Missiles
 c - 280 stones (quivered)
Armour
 u - a +0 pair of gloves (melded)
Magical staves
 x - an uncursed staff of summoning
Rods
 s - a cursed +0 rod of clouds (9/9)
   (You found it on level 3 of the Dungeon)
Jewellery
 k - an uncursed amulet of stasis
 m - a ring of stealth (left foreclaw)
 n - a +5 ring of evasion
 z - a ring of wizardry (right foreclaw)
 M - an uncursed amulet of the gourmand
Magical devices
 b - a wand of polymorph (17)
 h - a wand of frost (26)
 w - a wand of polymorph (0)
 I - a wand of digging (7)
 K - a wand of flame (20)
 L - a wand of fire (5)
 O - a wand of digging (8)
Scrolls
 g - 3 scrolls of remove curse
 i - a scroll of blinking {unknown}
 j - 2 scrolls of enchant weapon
 p - 3 scrolls of enchant armour
 y - a scroll of vulnerability {unknown}
 A - 2 scrolls of teleportation
 E - a scroll of recharging {unknown}
 F - 2 scrolls of fog
Potions
 e - a potion of poison {unknown}
 o - 4 potions of magic {unknown}
 t - a potion of might
 v - 7 potions of curing
 C - a potion of cure mutation {unknown}
 G - 2 potions of restore abilities
 H - a potion of flight
 J - a potion of haste
 N - 4 potions of heal wounds
Books
 d - a book of Changes

   Spells                             Type                      Level
   a - Beastly Appendage              Transmutation                1
   b - Sticks to Snakes               Transmutation                2
   c - Spider Form                    Transmutation/Poison         3
   d - Ice Form                       Ice/Transmutation            4
   e - Blade Hands                    Transmutation                5
 f - a book of the Tempests

   Spells                             Type                      Level
   a - Static Discharge               Conjuration/Air              3
   b - Lightning Bolt                 Conjuration/Air              5
   c - Fireball                       Conjuration/Fire             5
   d - Tornado                        Air                          9
   e - Shatter                        Earth                        9
 r - a book of Clouds

   Spells                             Type                      Level
   a - Mephitic Cloud                 Conjuration/Poison/Air       3
   b - Conjure Flame                  Conjuration/Fire             3
   c - Poisonous Cloud                Conjuration/Poison/Air       6
   d - Freezing Cloud                 Conjuration/Ice/Air          6
   e - Ring of Flames                 Charms/Fire                  7
 B - a Fen Folio

   Spells                             Type                      Level
   a - Corpse Rot                     Necromancy                   2
   b - Stone Arrow                    Conjuration/Earth            3
   c - Leda's Liquefaction            Hexes/Earth                  4
   d - Summon Forest                  Summoning/Translocation      5
   e - Hydra Form                     Transmutation                6
   f - Summon Hydra                   Summoning                    7
Comestibles
 a - 2 bread rations
 q - 5 meat rations
 D - 2 royal jellies
 P - 2 beef jerkies
 Q - a chunk of flesh


   Skills:
 - Level 7.9 Fighting
 + Level 6.9 Dodging
 - Level 7.3 Unarmed Combat
 - Level 9.0 Spellcasting
 - Level 9.5 Transmutations


You had 6 spell levels left.
You knew the following spells:

 Your Spells              Type           Power        Failure   Level  Hunger
a - Beastly Appendage     Trmt           ######       1%          1    None
b - Blade Hands           Trmt           ######....   1%          5    ####...
c - Mephitic Cloud        Conj/Pois/Air  ##......     6%          3    None
h - Hydra Form            Trmt           ######....   6%          6    #####..
i - Ice Form              Ice/Trmt       #####...     3%          4    None
s - Spider Form           Trmt/Pois      #####.....   1%          3    None


Dungeon Overview and Level Annotations

Branches:
Dungeon (11/15)            Temple (1/1) D:7            Lair (0/8) D:11
    Orc (3/4) D:11
    Elf: Orc:3-4

Altars:
Ashenzari
Cheibriados
Dithmenos
Elyvilon
Fedhas
Gozag
Kikubaaqudgha
Makhleb
Nemelex Xobeh
Okawaru
Qazlal
Ru
Sif Muna
Trog
Vehumet
Xom
Yredelemnul
Zin
The Shining One

Shops:
D:4 *   D:5 %   D:9 %

Annotations:
Orc:2 Gastronok


Innate Abilities, Weirdness & Mutations

((You can breathe blasts of scalding steam.))
((Your pale cyan-grey scales are hard (AC +7).))
Your body does not fit into most forms of armour.
((Your cold-blooded metabolism reacts poorly to cold.))


Message History

Okay, then.
Drink which item? (? for menu, Esc to quit)
You feel much better. The warg barely misses you.
The orc warrior hits you with an enchanted long sword!
* * * LOW HITPOINT WARNING * * *
The orc warrior lops one of your heads off!
You grow two more!
The orc priest prays to Beogh.
You feel troubled.
The orc priest invokes the aid of Beogh against you.
Something smites you!
* * * LOW HITPOINT WARNING * * *
The warg bites you!
* * * LOW HITPOINT WARNING * * *
Gastronok bubbles merrily.
The orc priest mumbles some strange prayers to Beogh against you.
Pain shoots through your body!
* * * LOW HITPOINT WARNING * * *
The orc warrior hits you with an enchanted long sword!
You die...

. . .##.
.o####.#...
.............
...............
................
.............#
.............###.
.o..o..))D........
..#w...)ooh....$..
.......))o..o....#
.........o...$...
.....##.........
....# ..........
.... .......... ..
.........
.........


You could see Gastronok, a warg, an orc warrior, 3 orc priests and 4 orcs.

Vanquished Creatures
  The ghost of heinrich the Spear-Bearer, a powerful OpWr of Gozag (Orc:3)
  Erolcha (Orc:1)
  Pikel (D:6)
  A cyclops (Orc:1)
  An orc sorcerer (Orc:3)
  A fire drake (D:11)
  3 trolls
  Grinder (D:4)
  A deep elf mage (D:10)
  A wraith (D:8)
  A hungry ghost (D:9)
  2 wargs
  Edmund (D:5)
  Menkaure (D:4)
  A hippogriff (D:8)
  An ice beast (D:7)
  7 orc warriors
  A necrophage (D:7)
  A centaur (D:6)
  A black bear (D:7)
  4 phantoms
  2 slaves (D:6)
  6 ogres
  A crocodile (D:8)
  7 giant frogs
  17 killer bees
  2 scorpions
  10 wights
  2 hounds
  3 giant frog zombies
  2 crimson imps (D:9)
  A jelly (D:9)
  6 worker ants
  17 orc priests
  2 centaur skeletons
  A gnoll shaman (D:4)
  3 iron imps (D:5)
  A quasit (D:7)
  13 orc wizards
  4 iguanas
  A killer bee zombie (D:7)
  Ijyb (D:4)
  3 hound zombies
  A hound skeleton (D:7)
  7 adders
  23 gnolls
  3 shadow imps (D:5)
  4 worms
  An adder skeleton (D:7)
  3 oozes
  109 orcs
  2 ball pythons (D:3)
  5 giant cockroaches
  23 hobgoblins
  29 jackals
  31 kobolds
  8 quokkas
  7 bats
  A giant cockroach zombie (D:6)
  2 giant geckos
  3 giant newts
  A giant spore (D:7)
  20 goblins
  A quokka skeleton (D:7)
  14 rats
436 creatures vanquished.

Vanquished Creatures (others)
  A black bear (D:6)
  A giant mite (D:6)
  A hobgoblin (D:1)
  2 butterflies (D:5)
5 creatures vanquished.

Grand Total: 441 creatures vanquished

Notes
Turn   | Place    | Note
--------------------------------------------------------------
     0 | D:1      | Miyamura, the Draconian Transmuter, began the quest for the Orb.
     0 | D:1      | Reached XP level 1. HP: 16/16 MP: 3/3
   668 | D:1      | Reached XP level 2. HP: 15/23 MP: 2/4
  2186 | D:2      | Found an ancient bone altar of Kikubaaqudgha.
  2486 | D:2      | Found a sparkling altar of Nemelex Xobeh.
  2691 | D:2      | HP: 1/23 [worm (9)]
  3011 | D:2      | Reached XP level 3. HP: 26/29 MP: 4/6
  3062 | D:2      | Learned a level 3 spell: Spider Form
  4765 | D:2      | Reached XP level 4. HP: 24/36 MP: 6/8
  6150 | D:3      | Reached XP level 5. HP: 29/42 MP: 3/10
  7062 | D:4      | Noticed an ogre
  7124 | D:5      | Entered Level 5 of the Dungeon
  7262 | D:5      | Noticed a phantom
  7356 | D:5      | Reached XP level 6. HP: 50/50 MP: 11/13
  7668 | D:4      | Noticed Menkaure
  7882 | D:4      | Found an opulent altar of Gozag.
  7891 | D:4      | Found Gozag's Platinum Reserve.
  8163 | D:4      | Learned a level 4 spell: Ice Form
  8242 | D:4      | Noticed Ijyb
  8257 | D:4      | Killed Ijyb
  8257 | D:4      | Reached skill level 4 in Transmutations
  8337 | D:4      | Killed an ogre
  8337 | D:4      | Your scales start fading to a pale cyan-grey colour.
  8337 | D:4      | Reached XP level 7. HP: 54/57 MP: 12/15
  8368 | D:4      | Noticed Grinder
  8414 | D:4      | Paralysed by Grinder for 5 turns
  8421 | D:4      | Killed Grinder
  8489 | D:4      | Killed Menkaure
  8682 | D:5      | Reached skill level 5 in Transmutations
  8730 | D:5      | Found a bloodstained altar of Trog.
  8776 | D:5      | Killed a phantom
  8817 | D:5      | Reached XP level 8. HP: 52/66 MP: 19/19
  8944 | D:5      | Found a burning altar of Makhleb.
  9225 | D:5      | Reached skill level 5 in Spellcasting
  9371 | D:5      | Noticed Edmund
  9393 | D:5      | Killed Edmund
  9432 | D:5      | Noticed an ogre
  9463 | D:5      | Killed an ogre
  9610 | D:5      | Noticed a phantom
  9657 | D:5      | Killed a phantom
  9849 | D:5      | Learned a level 5 spell: Blade Hands
  9897 | D:5      | Reached skill level 6 in Transmutations
 10120 | D:5      | Found Crownaesimm's Food Emporium.
 10284 | D:6      | Reached skill level 5 in Fighting
 10385 | D:6      | Reached skill level 5 in Unarmed Combat
 10592 | D:6      | Noticed Pikel
 10617 | D:6      | Killed Pikel
 10617 | D:6      | Reached XP level 9. HP: 64/74 MP: 10/23
 11205 | D:6      | Learned a level 6 spell: Hydra Form
 11514 | D:7      | Found a blossoming altar of Fedhas.
 11644 | D:7      | Reached skill level 7 in Transmutations
 11773 | D:7      | Reached skill level 5 in Dodging
 11788 | D:7      | Found a shattered altar of Ashenzari.
 12286 | D:7      | Found a shadowy altar of Dithmenos.
 12552 | D:7      | Found a staircase to the Ecumenical Temple.
 12569 | Temple   | Entered the Ecumenical Temple
 12793 | Temple   | Became a worshipper of Cheibriados the Contemplative
 13644 | D:8      | Reached XP level 10. HP: 80/83 MP: 20/25
 13802 | D:8      | Acquired Cheibriados' first power
 14110 | D:8      | Reached skill level 8 in Transmutations
 14114 | D:8      | Noticed a five-headed hydra
 14520 | D:8      | Found a white marble altar of Elyvilon.
 15260 | D:9      | Found Ymikonk's Food Shop.
 15727 | D:9      | Noticed a cyclops
 16094 | D:10     | Entered Level 10 of the Dungeon
 16717 | D:10     | Acquired Cheibriados' second power
 17426 | D:11     | Found a glowing silver altar of Zin.
 17680 | D:11     | Found a staircase to the Orcish Mines.
 17690 | D:11     | Found a staircase to the Lair.
 17838 | Orc:1    | Entered Level 1 of the Orcish Mines
 17843 | Orc:1    | Noticed Erolcha
 17849 | Orc:1    | Acquired Cheibriados' third power
 17854 | Orc:1    | Killed Erolcha
 17854 | Orc:1    | Reached skill level 9 in Transmutations
 18093 | Orc:1    | Noticed a cyclops
 18102 | Orc:1    | Killed a cyclops
 18102 | Orc:1    | Reached XP level 11. HP: 92/92 MP: 25/28
 18664 | Orc:3    | Found a flagged portal.
 18670 | Orc:3    | Acquired Cheibriados' fourth power
 18680 | Bailey   | Entered a bailey
 19033 | Bailey   | Learned a level 3 spell: Mephitic Cloud
 19161 | Orc:3    | Noticed heinrich's ghost (powerful OpWr)
 19178 | Orc:3    | Killed heinrich's ghost
 19949 | Orc:2    | Noticed Gastronok
 19958 | Orc:2    | HP: 3/122 [orc priest/nerve-wracking pain (11)]
 19958 | Orc:2    | Mangled by an orc warrior

Action                   |  1- 3 |  4- 6 |  7- 9 | 10-12 || total
-------------------------+-------+-------+-------+-------++-------
Melee: Unarmed           |   246 |   241 |   424 |   395 ||  1306
Throw: Stone             |       |       |     1 |       ||     1
 Cast: Beastly Appendage |    24 |    27 |    10 |       ||    61
       Spider Form       |       |    14 |     6 |       ||    20
       Blade Hands       |       |       |    20 |    17 ||    37
       Ice Form          |       |       |     9 |     4 ||    13
       Hydra Form        |       |       |       |    22 ||    22
Invok: Bend Time         |       |       |       |     4 ||     4
 Abil: Breathe Steam     |       |       |    16 |     2 ||    18
  Use: Scroll            |     2 |     5 |     3 |    10 ||    20
       Potion            |     3 |     2 |       |     3 ||     8
 Stab: Sleeping          |     3 |     1 |       |     4 ||     8
       Invisible         |     2 |       |       |     1 ||     3
  Eat: Chunk             |     5 |    15 |    26 |     9 ||    55
       Pizza             |     1 |       |     1 |       ||     2
       Meat ration       |     1 |       |       |     1 ||     2
       Beef jerky        |       |     1 |     1 |     1 ||     3
       Bread ration      |       |       |       |     1 ||     1
